 Dungeon Crawl Stone Soup version 0.32-a0-975-g85d4e5bfdb (webtiles) character file.

Game seed: 555086830778022873

83 Shayle the Apothecary (level 4, 0/32 HPs)
             Began as a Coglin Alchemist on Apr 18, 2024.
             Was an Initiate of Wu Jian.
             Splashed by a jelly's acid (11 damage)
             ... on level 3 of the Dungeon.
             The game lasted 00:04:43 (2848 turns).

Shayle the Apothecary (Coglin Alchemist)            Turns: 2848, Time: 00:04:44

Health: 0/32       AC: -10   Str:  8    XL:     4   Next: 44%
Magic:  5/7        EV: 11    Int: 17    God:    Wu Jian [......]
Gold:   155        SH:  0    Dex: 14    Spells: 3/7 levels left

rFire   . . .        h - +3 dagger {Balvinder}
rCold   . . .        g - +0 morningstar {Xiuying}
rNeg    . . .        a - +0 robe
rPois   .            (no helmet)
rElec   .            (no cloak)
rCorr   .            (no gloves)
SInv    .            (no boots)
Will    .....        (amulet unavailable)
Stlth   ++           (ring unavailable)
HPRegen 0.25/turn    (ring unavailable)
MPRegen 0.10/turn    (no gizmo)

%: no passive effects
@: corroded, revving
A: off-hand wielding, slow wielding, warmup strikes, no jewellery
a: Invent Gizmo, Renounce Religion


You were on level 3 of the Dungeon.
You worshipped Wu Jian.
Wu Jian was noncommittal.
You visited 1 branch of the dungeon, and saw 4 of its levels.

You collected 155 gold pieces.

Inventory:

Hand Weapons
 c - a +0 dagger {Mettia}
 g - a +0 morningstar (offhand) {Xiuying}
 h - a +3 dagger (weapon) {Balvinder}
 k - a +0 long sword
Armour
 a - a +0 robe (worn)
Scrolls
 d - 3 scrolls of identify {unknown}
 e - 2 scrolls of amnesia {unknown}
 f - a scroll of immolation {unknown}
 i - a scroll of enchant armour {unknown}
 m - 2 scrolls of teleportation {unknown}
 q - a scroll of noise {unknown}
Potions
 b - a potion of magic
 j - a potion of haste {unknown}
 l - a potion of brilliance {unknown}
 n - a potion of mutation {unknown}
 o - a potion of might {unknown}
 p - 3 potions of resistance {unknown}
 r - a potion of curing {unknown}


   Skills:
 + Level 1.4 Fighting
 + Level 2.3 Dodging
 - Level 1.5 Stealth
 + Level 2.3 Spellcasting
 + Level 1.7 Conjurations
 + Level 3.8 Alchemy


You had 3 spell levels left.
You knew the following spells:

 Your Spells              Type           Power      Damage    Failure   Level
a - Sting                 Conj/Alch      44%        1d5       6%          1
b - Mephitic Cloud        Conj/Alch/Air  8%         N/A       26%         3

Your spell library contained the following spells:

 Spells                   Type           Power      Damage    Failure   Level
 Mercury Vapours          Alch/Air       16%        N/A       13%         2
 Olgreb's Toxic Radiance  Alch           15%        N/A       36%         4
 Sticky Flame             Fire/Alch      8%         2d4       63%         4


Dungeon Overview and Level Annotations

Branches:
Dungeon (4/15)
 Temple: D:4-7

Altars:
Okawaru
Wu Jian


Innate Abilities, Weirdness & Mutations

You can wield a second weapon in your off-hand.
It takes a long time for you to wield or remove held weapons.
Your first few attacks do less damage.
You cannot equip rings or amulets.


Message History

There is an open door here.
Done exploring.
Done exploring.
There is a stone staircase leading down here.
You climb downwards.
There is a stone staircase leading up here.
A hobgoblin and an orc come into view.
A jelly and an orc come into view.
The hobgoblin shouts!
The orc shouts!
An orc priest comes into view. It is wielding a +4 whip.
Okay, then.
There is a stone staircase leading up here.
Casting: Sting (safe; 6% risk of failure)
Confirm with . or Enter, or press ? or * to list all spells.
Aiming: Sting (safe; 6% risk of failure)
Press: ? - help, Shift-Dir - straight line, f - jelly
Aim: a jelly (100% to hit)
The sting hits the jelly.
The jelly partially resists.
The jelly is lightly wounded.
Casting: Sting (safe; 6% risk of failure)
Confirm with . or Enter, or press ? or * to list all spells.
Aiming: Sting (safe; 6% risk of failure)
Press: ? - help, Shift-Dir - straight line, f/p - jelly
Aim: a jelly (lightly wounded, 100% to hit)
The sting hits the jelly.
The jelly partially resists.
The jelly is moderately wounded.
The jelly barely misses you.
You climb upwards.
There is a stone staircase leading down here.
You hit the jelly with your +3 dagger. The acid corrodes you!
Your graspers burn!
The jelly is moderately wounded.
You hit the jelly with your +0 morningstar.
Your graspers burn!
The jelly hits you. The acid corrodes you!
You are splashed with acid!
The jelly closely misses you.
You hit the jelly but do no damage.
Your graspers burn!
The jelly is severely wounded.
You barely miss the jelly with your +0 morningstar.
The jelly hits you. The acid corrodes you!
You are splashed with acid!
You die...

#...#..# #.#.........#..#.#
#...#..#####'#..########..#.#
#...##.##.......# #......#..
#...##..#......)# #.###.####
##.#....#..)...## #.# #.#
#.#.##..###...# #.# #.#
######'#'###...#...# #.###.#
#...............J#.# #.#...#
#.........####..@#.#####.#.###
#.........# #.#.........#.#
#.........# #.#...#.......#
#.........####.#####.############
######.............<.............
#########.##################
#.##.....<..........
#.##.########.###.##
#.##................


You could see a jelly.

Vanquished Creatures
  A gnoll (D:1)
  2 adders
  3 dart slugs
  3 orcs (D:3)
  3 endoplasms
  A giant cockroach (D:1)
  5 goblins
  3 hobgoblins (D:1)
  2 jackals (D:1)
  A kobold (D:2)
  5 quokkas
  2 ball pythons
  7 bats
  5 frilled lizards
  4 rats
47 creatures vanquished.

Notes
Turn   | Place    | Note
-------+----------+-------------------------------------------
     0 | D:1      | Shayle the Coglin Alchemist began the quest for the Orb.
     0 | D:1      | Reached XP level 1. HP: 13/13 MP: 3/3
    80 | D:1      | Reached skill level 1 in Conjurations
   246 | D:1      | Reached XP level 2. HP: 20/20 MP: 2/4
   580 | D:1      | Reached XP level 3. HP: 24/25 MP: 1/6
   708 | D:1      | Reached skill level 1 in Fighting
  1058 | D:2      | Learned a level 3 spell: Mephitic Cloud
  1311 | D:2      | Found an ornate altar of the Wu Jian Council.
  1334 | D:2      | Became a worshipper of the Wu Jian Council
  1405 | D:2      | Reached XP level 4. HP: 12/32 MP: 5/7
  2267 | D:3      | Found an iron altar of Okawaru.
  2441 | D:3      | Found an ornate altar of the Wu Jian Council.
  2848 | D:3      | Splashed by a jelly's acid

Illustrated notes

Levels and vault maps discovered:
D:1:      pf_arrival_petrified_forest, layout_loops_ring
D:2:      layout_basic, basic_altar, chequers_garden
D:3:      layout_basic, pdpol_wu_jian_five_deadly_venoms, okawaru_gym_becter,
          chequers_serial_rivers_micro_e, kennysheep_generic_room_7
D:4:      layout_gridville, fiery_altar_vehumet, minmay_crossroads

Skill      XL: |  1  2  3 |
---------------+----------+-----
Conjurations   | 1 |  1.7
Dodging        | 2 |  2.3
Spellcasting   | 2 |  2.3
Fighting       | 1 |  1.4
Stealth        | |  1.5
Alchemy        | |  3.8

Action                     |  1- 3 |  4- 6 || total
---------------------------+-------+-------++-------
  Melee: Dagger            |    54 |    21 ||    75
         Morningstar       |    15 |    22 ||    37
   Cast: Sting             |    39 |     9 ||    48
Ability: Lunge             |       |     2 ||     2
 Armour: Robe              |    34 |     9 ||    43
  Dodge: Dodged            |    49 |    20 ||    69

Table legend: (Time is in decaauts)
 A = Elapsed time spent in this place.
 B = Non-inter-level travel time spent in this place.
 C = Inter-level travel time spent in this place.
 D = Time resting spent in this place.
 E = Time spent auto-exploring this place.
 F = Levels seen in this place.
 G = Mean time per level.
                   A        B        C        D        E       F      G
               +--------+--------+--------+--------+--------+-----+--------+
         Total |   2856 |   2749 |    107 |     18 |   2229 |   4 |  714.0 |
       Dungeon |   2856 |   2749 |    107 |     18 |   2229 |   4 |  714.0 |
               +--------+--------+--------+--------+--------+-----+--------+

Top non-repeatable levels by time:
     D:1: 1047 daAuts
     D:3: 923 daAuts
     D:2: 863 daAuts
     D:4: 22 daAuts
